 Dungeon Crawl Stone Soup version 0.26-a0-980-g0fe3eaa9ac (webtiles) character file.

Game seed: 4513491727637078779

123 pablito the Magician (level 4, -2/34 HPs)
             Began as a Demonspawn Hedge Wizard on Dec 5, 2020.
             Was an Initiate of Ashenzari.
             Slain by a gnoll
             ... wielding a +0 flail
              (4 damage)
             ... on level 2 of the Dungeon.
             The game lasted 00:10:02 (3448 turns).

pablito the Magician (Demonspawn Hedge Wizard)      Turns: 3448, Time: 00:10:03

Health: -2/34      AC:  3    Str: 11    XL:     4   Next: 79%
Magic:  1/9        EV: 12    Int: 15    God:    Ashenzari [......]
Gold:   110        SH:  0    Dex: 13    Spells: 9/10 levels left

rFire    . . .     SeeInvis .   a - +0 dagger
rCold    . . .     Faith    .   (no shield)
rNeg     . . .     Spirit   .   b - +0 robe
rPois    .         Reflect  .   c - +0 hat
rElec    .         Harm     .   i - +0 cloak {MR+}
rCorr    .         Rampage  .   (no gloves)
MR       +....                  (no boots)
Stlth    ++........             k - amulet of regeneration
HPRegen  0.51/turn              (no ring)
MPRegen  0.11/turn              (no ring)

@: no status effects
A: rot immunity
a: Curse Item, Renounce Religion


You were on level 2 of the Dungeon.
You worshipped Ashenzari.
Ashenzari was noncommittal.
You visited 1 branch of the dungeon, and saw 3 of its levels.

You collected 110 gold pieces.

Inventory:

Hand Weapons
 a - a +0 dagger (weapon)
Missiles
 e - 18 poisoned darts
 p - 4 atropa-tipped darts
Armour
 b - a +0 robe (worn)
 c - a +0 hat (worn)
 d - a scarf of harm
 i - a +0 cloak of magic resistance (worn)
 q - a +3 ring mail
Jewellery
 k - an amulet of regeneration (around neck)
Wands
 o - a wand of iceblast (14)
Scrolls
 f - a scroll of fear {unknown}
 g - a scroll of enchant armour {unknown}
 h - a scroll of immolation {unknown}
 r - a scroll of teleportation {unknown}
Potions
 j - a potion of haste {unknown}
 l - 3 potions of cancellation
 m - a potion of heal wounds {unknown}
 n - a potion of flight {unknown}


   Skills:
 + Level 2.3 Fighting
 + Level 0.7 Armour
 - Level 1.7 Dodging
 - Level 1.7 Stealth
 + Level 3.8 Spellcasting
 + Level 2.6 Conjurations
 - Level 1.0 Summonings
 - Level 0.8 Translocations


You had 9 spell levels left.
You knew the following spells:

 Your Spells              Type           Power        Failure   Level
a - Magic Dart            Conj           ##..         6%          1

Your spell library contained the following spells:

 Spells                   Type           Power        Failure   Level
 Call Imp                 Summ           #.......     19%         2
 Blink                    Tloc           N/A          21%         2
 Slow                     Hex            #.......     28%         2
 Conjure Flame            Conj/Fire      #.......     32%         3
 Mephitic Cloud           Conj/Pois/Air  #.......     36%         3


Dungeon Overview and Level Annotations

Branches:
Dungeon (3/15)

Altars:
Ashenzari

Annotations:
D:3 1 transporter, Sin92's ghost, amateur DsFi


Innate Abilities, Weirdness & Mutations

You are immune to rotting.


Message History

Aim: a gnoll, wielding a +0 flail (severely wounded, chance to blind on hit: 100%)
You throw an atropa-tipped dart. The atropa-tipped dart hits the gnoll.
The gnoll appears confused.
The gnoll is severely wounded.
The gnoll seems less confused.
The gnoll misses you.
You see here an atropa-tipped dart.
You barely miss the gnoll.
The gnoll is severely wounded.
You hit the gnoll but do no damage.
The gnoll is severely wounded.
The gnoll hits you with a +0 flail.
You catch the helpless gnoll completely off-guard!
You hit the gnoll.
The gnoll is almost dead.
The gnoll is no longer blind.
The gnoll hits you with a +0 flail!
* * * LOW HITPOINT WARNING * * *
You barely miss the gnoll.
The gnoll is almost dead.
The gnoll hits you with a +0 flail.
You die...

##########
#........####
#.######.##.. #.#
#.##.# ##########.####
#.##.# #..)g@........#
#.##.#
#..#######.##.###.##.#
#. #)........##.# #.
#..##.##..##.. #
#............#
#.###....###.# #.#
##.#.###.# #.#
#.......# #.#
###.#####


You could see a gnoll.

Vanquished Creatures
  2 gnolls (D:2)
  3 adders
  2 oozes
  A dart slug (D:2)
  3 leopard geckos
  2 orcs (D:3)
  A ball python (D:1)
  7 bats
  4 giant cockroaches
  7 goblins
  5 hobgoblins
  5 jackals (D:2)
  9 kobolds
  A frilled lizard (D:3)
  4 rats
56 creatures vanquished.

Notes
Turn   | Place    | Note
-------+----------+-------------------------------------------
     0 | D:1      | pablito the Demonspawn Hedge Wizard began the quest for the
                  | Orb.
     0 | D:1      | Reached XP level 1. HP: 13/13 MP: 4/4
   283 | D:1      | Gained mutation: You are immune to rotting. [demonic
                  | ancestry]
   283 | D:1      | Reached XP level 2. HP: 19/20 MP: 3/6
   398 | D:1      | Reached skill level 1 in Fighting
  1043 | D:1      | Reached XP level 3. HP: 24/26 MP: 1/7
  1922 | D:2      | You fall into a shaft and drop 1 floor!
  2323 | D:3      | Found a transporter.
  2329 | D:3      | Noticed Sin92's ghost (amateur DsFi)
  2369 | D:2      | Found a broken altar of Ashenzari.
  2375 | D:2      | Became a worshipper of Ashenzari the Shackled
  2668 | D:3      | Reached XP level 4. HP: 18/33 MP: 4/9
  3447 | D:2      | HP: 1/34 [gnoll/+0 flail (9)]
  3448 | D:2      | Slain by a gnoll

Illustrated notes

Levels and vault maps discovered:
D:1:      sevenhm_arrival_forest_fort_small_6, layout_basic, minmay_domino_2
D:2:      lemuel_upstairs_altar, layout_loops_corners
D:3:      layout_basic, gammafunk_ghost_stat_death,
          chequers_ecumenical_altar_grove, kennysheep_generic_room_4

Skill      XL: |  1  2  3 |
---------------+----------+-----
Fighting       | 1 2 |  2.3
Conjurations   | 2 |  2.6
Armour         | |  0.7
Dodging        | |  1.7
Stealth        | |  1.7
Spellcasting   | |  3.8
Summonings     | |  1.0
Translocations | |  0.8

Action                   |  1- 3 |  4- 6 || total
-------------------------+-------+-------++-------
Melee: Dagger            |    58 |    94 ||   152
Throw: Dart              |       |     4 ||     4
 Cast: Magic Dart        |    84 |    38 ||   122
  Use: Scroll            |     2 |       ||     2
 Stab: Sleeping          |     4 |     1 ||     5
       Invisible         |       |     3 ||     3
Armor: Robe              |    10 |    26 ||    36
Dodge: Dodged            |    49 |    58 ||   107

Table legend: (Time is in decaauts)
 A = Elapsed time spent in this place.
 B = Non-inter-level travel time spent in this place.
 C = Inter-level travel time spent in this place.
 D = Time resting spent in this place.
 E = Time spent auto-exploring this place.
 F = Levels seen in this place.
 G = Mean time per level.
                   A        B        C        D        E       F      G
               +--------+--------+--------+--------+--------+-----+--------+
         Total |   3449 |   3367 |     82 |     86 |   2794 |   3 | 1149.7 |
       Dungeon |   3449 |   3367 |     82 |     86 |   2794 |   3 | 1149.7 |
               +--------+--------+--------+--------+--------+-----+--------+

Top non-repeatable levels by time:
     D:1: 1705 daAuts
     D:3: 932 daAuts
     D:2: 811 daAuts
